 Dungeon Crawl Stone Soup version 0.25-b1-46-gb8a1ec05df (webtiles) character file.

Game seed: 13268076615091558975

38851 gruber the Covert (level 14, -1/70 HPs)
             Began as a Vine Stalker Fighter on June 9, 2020.
             Was the Champion of Okawaru.
             Slain by an eight-headed hydra (2 damage)
             ... on level 4 of the Lair of Beasts.
             The game lasted 00:24:51 (16102 turns).

gruber the Covert (Vine Stalker Fighter)           Turns: 16102, Time: 00:24:52

Health: -1/70      AC: 10    Str: 23    XL:     14   Next: 4%
Magic:  0/18       EV: 18    Int: 11    God:    Okawaru [******]
Gold:   1129       SH: 13    Dex: 17    Spells: 13/13 levels left

rFire    + . .     SeeInvis .   X - +2 short sword (elec)
rCold    x . .     Gourm    .   c - +0 kite shield
rNeg     . . .     Faith    .   R - +0 troll leather armour
rPois    .         Spirit   +   L - +1 hat {Int+3}
rElec    .         Reflect  .   y - +0 cloak
rCorr    .         Harm     .   M - +0 pair of gloves "Suvyuj" {+Blink rC- Dex+7}
MR       +....                  U - +0 pair of boots "Oror" {+Blink +Inv Dex-5 Stlth+}
Stlth    +++++++...             r - amulet of the acrobat
HPRegen  1.41/turn              W - ring of protection from fire
MPRegen  0.16/turn              (no ring)

@: no status effects
A: fangs 3, regeneration 2, magic shield, antimagic bite, no potion heal 3, rot
immunity
a: Heroism, Finesse, Renounce Religion, Evoke Blink, Evoke Invisibility


You were on level 4 of the Lair of Beasts.
You worshipped Okawaru.
Okawaru was exalted by your worship.
You were not hungry.

You visited 3 branches of the dungeon, and saw 18 of its levels.
You also visited: Bailey.

You collected 1129 gold pieces.

Inventory:

Hand Weapons
 a - a +0 rapier
 s - a +3 dagger of venom
 E - a +2 dagger of holy wrath
 X - a +2 short sword of electrocution (weapon)
Missiles
 i - 68 poisoned darts (quivered)
 w - 3 silver javelins
 S - 7 curare-tipped darts
Armour
 c - a +0 kite shield (worn)
 y - a +0 cloak (worn)
 L - a +1 hat of intelligence (worn)
 M - the +0 pair of gloves "Suvyuj" (worn) {+Blink rC- Dex+7}
   (Okawaru gifted it to you in a bailey)

   It affects your dexterity (+7).
   It makes you vulnerable to cold.
   It lets you blink.
 R - a +0 troll leather armour (worn)
 U - the +0 pair of boots "Oror" (worn) {+Blink +Inv Dex-5 Stlth+}
   (Okawaru gifted it to you on level 11 of the Dungeon)

   It affects your dexterity (-5).
   It lets you turn invisible.
   It lets you blink.
   It makes you more stealthy.
Jewellery
 b - an uncursed ring of flight
 q - an uncursed ring of protection from fire
 r - an amulet of the acrobat (around neck)
 D - an uncursed ring of ice
 W - a ring of protection from fire (left hand)
Wands
 j - a wand of digging (12)
 I - a wand of polymorph (21)
 J - a wand of clouds (4)
 K - a wand of random effects (13)
 Q - a wand of iceblast (8)
 T - a wand of acid (6)
 V - a wand of paralysis (9)
Scrolls
 e - a scroll of blinking {unknown}
 g - 5 scrolls of enchant weapon
 h - 6 scrolls of enchant armour {unknown}
 k - 4 scrolls of teleportation {unknown}
 m - 7 scrolls of remove curse
 t - a scroll of fear {unknown}
 v - a scroll of vulnerability {unknown}
 x - 2 scrolls of noise {unknown}
 z - a scroll of random uselessness {unknown}
 A - 3 scrolls of amnesia {unknown}
 G - 2 scrolls of immolation {unknown}
 N - a scroll of acquirement {unknown}
 O - a scroll of summoning
 Y - a scroll of magic mapping {unknown}
Potions
 d - 2 potions of might
 l - 7 potions of lignification
 n - a potion of haste
 o - a potion of mutation {unknown}
 p - 11 potions of curing
 u - 2 potions of flight {unknown}
 C - 3 potions of stabbing {unknown}
 F - a potion of resistance
 H - 4 potions of brilliance {unknown}
 P - 2 potions of cancellation
Comestibles
 f - 18 rations
 B - 4 chunks of flesh


   Skills:
 * Level 6.5 Fighting
 - Level 4.0 Short Blades
 - Level 9.4 Armour
 - Level 10.0 Dodging
 - Level 14.4 Stealth
 - Level 10.2 Shields
 - Level 4.0 Invocations


You had 13 spell levels left.
You didn't know any spells.
Your spell library contained the following spells:

 Spells                   Type           Power        Failure   Level  Hunger
 Corona                   Hex            #......      58%         1    ##.....
 Sandblast                Erth           #.....       58%         1    ##.....
 Ensorcelled Hibernation  Hex/Ice        #.....       73%         2    ###....
 Passwall                 Tmut/Erth      #.......     73%         2    ###....
 Confusing Touch          Hex            #.......     91%         3    ####...
 Dazzling Flash           Conj/Hex       #.....       91%         3    ####...
 Gell's Gravitas          Tloc           #.........   91%         3    ####...
 Stone Arrow              Conj/Erth      #.....       91%         3    ####...
 Tukima's Dance           Hex            #.......     91%         3    ####...
 Petrify                  Tmut/Erth      #.......     100%        4    #####..
 Lee's Rapid Deconstruct  Erth           #.........   100%        5    ######.
 Metabolic Englaciation   Hex/Ice        #.........   100%        5    ######.
 Yara's Violent Unravell  Hex/Tmut       #.........   100%        5    ######.


Dungeon Overview and Level Annotations

Branches:
Dungeon (13/15)            Temple (1/1) D:5            Lair (4/6) D:8
 Shoals (0/4) Lair:4       Spider (0/4) Lair:2          Orc (0/2) D:11
 Bailey (visited)
 Vaults: D:13-14

Altars:
Ashenzari
Cheibriados
Dithmenos
Elyvilon
Fedhas
Gozag
Hepliaklqana
Kikubaaqudgha
Makhleb
Nemelex Xobeh
Okawaru
Qazlal
Ru
Sif Muna
Trog
Uskayaw
Vehumet
Wu Jian
Xom
Yredelemnul
Zin
The Shining One

Portals:
Trove: D:10 (give 5 potions of resistance)

Annotations:
Lair:2 exclusion: oklob plant
Lair:3 exclusion: oklob plant
Lair:4 3 runed translucent doors, Bananafolds's ghost, journeyman MfSk; HunfridMar's ghost, journeyman DECj; Kuerar's ghost, journeyman BaFi


Innate Abilities, Weirdness & Mutations

You have razor-sharp teeth.
You heal very quickly.
When hurt, damage is shared between your health and your magic reserves.
Your bite disrupts and absorbs the magic of your enemies.
Potions cannot restore your health.
You are immune to rotting.


Message History

The eight-headed hydra closely misses you.
The eight-headed hydra completely misses you.
You block the eight-headed hydra's attack.
The eight-headed hydra bites you but does no damage.
You block the eight-headed hydra's attack.
The eight-headed hydra misses you. The eight-headed hydra bites you!
* * * LOW HITPOINT WARNING * * *
The eight-headed hydra closely misses you.
Unknown command.
Unknown command.
You hit the eight-headed hydra.
The eight-headed hydra is severely wounded.
The eight-headed hydra closely misses you.
The eight-headed hydra bites you but does no damage.
The eight-headed hydra bites you!
* * * LOW HITPOINT WARNING * * *
The eight-headed hydra completely misses you.
You block the eight-headed hydra's attack.
The eight-headed hydra bites you.
You die...

.............##.8.##.............
................##...............
.....................<...........
..................t..............
##.###.........#..#####.#.##.....
####..<.....t##### ##### ....#
#........l# ..### #.........####
###.. # #....[....##@## ######
#...≈
#####.........tD#.####.##.###.≈))
...............l.............≈.##
.............................###.
...†÷............................
.........(.......................
.................................
.................................
...................÷.............


You could see an eight-headed hydra, a komodo dragon and a crocodile.

Vanquished Creatures
  Gastronok (D:8)
  A fire giant (D:11)
  A stone giant (D:11)
  3 hydras
  A centaur warrior (D:9)
  Erica (D:9)
  Sonja (D:11)
  An ugly thing (D:11)
  5 orc knights (Bailey)
  4 elephants
  2 merfolk sirens (Lair:4)
  A cyclops (D:12)
  Joseph (D:8)
  A torpor snail (Lair:2)
  2 black mambas
  10 spiny frogs
  Maggie (D:7)
  A centaur skeleton (D:13)
  2 rime drakes
  A komodo dragon (Lair:1)
  2 merfolk (Lair:4)
  A queen bee (D:8)
  4 trolls
  3 blink frogs (Lair:1)
  2 jumping spiders (Lair:2)
  Prince Ribbit (D:8)
  A hornet (D:9)
  7 slime creatures (D:12)
  6 hippogriffs
  3 redbacks (Lair:2)
  A wraith (D:11)
  23 yaks
  A wyvern (Lair:2)
  Grum (D:8)
  5 basilisks
  A steam dragon (D:9)
  An acid dragon (D:11)
  10 water moccasins
  8 porcupines
  4 sky beasts
  5 ice beasts
  3 necrophages
  3 black bears
  8 orc warriors
  2 phantoms
  6 ogres
  4 centaurs
  7 wolves
  10 crocodiles
  2 big kobolds
  15 bullfrogs
  3 scorpions
  A water moccasin skeleton (D:7)
  3 wights (D:6)
  15 killer bees (D:8)
  4 howler monkeys
  2 crimson imps
  4 jellies
  3 bullfrog zombies
  A centaur zombie (D:11)
  5 hounds
  4 bullfrog skeletons
  6 orc priests
  Crazy Yiuf (D:3)
  12 orc wizards
  5 iguanas
  13 worker ants
  A hound zombie (D:6)
  3 hound skeletons
  3 worker ant zombies
  7 gnolls
  18 adders
  2 shadow imps
  An ooze (D:3)
  An adder skeleton (D:4)
  5 worms
  3 dart slugs
  2 leopard geckos
  68 orcs
  2 ball pythons (D:2)
  3 giant cockroaches
  12 goblins
  8 hobgoblins
  10 jackals
  18 kobolds
  2 quokkas
  4 bats
  5 frilled lizards
  A jackal skeleton (D:4)
  A leopard gecko skeleton (D:4)
  7 rats
460 creatures vanquished.

Vanquished Creatures (others)
  An orc warrior (D:6)
  A scorpion (D:6)
  An adder (D:6)
  A giant cockroach (D:6)
  6 fungi (D:8)
  8 plants (Lair:2)
  2 withered plants (Lair:4)
20 creatures vanquished.

Grand Total: 480 creatures vanquished

Notes
Turn   | Place    | Note
-------+----------+-------------------------------------------
     0 | D:1      | gruber the Vine Stalker Fighter began the quest for the
                  | Orb.
     0 | D:1      | Reached XP level 1. HP: 11/11 MP: 2/2
   147 | D:1      | Reached XP level 2. HP: 16/16 MP: 3/3
   811 | D:1      | Reached XP level 3. HP: 19/19 MP: 4/4
  1447 | D:2      | Gained mutation: Your natural rate of healing is unusually
                  | fast. [Vine Stalker growth]
  1447 | D:2      | Reached XP level 4. HP: 23/23 MP: 5/5
  1614 | D:2      | Reached XP level 5. HP: 10/28 MP: 0/6
  1721 | D:2      | Noticed an ice beast
  1739 | D:2      | Killed an ice beast
  1969 | D:3      | Reached XP level 6. HP: 34/34 MP: 7/7
  2145 | D:3      | Found a runed translucent door.
  2146 | D:3      | Noticed Crazy Yiuf
  2166 | D:3      | Killed Crazy Yiuf
  2166 | D:3      | Reached skill level 5 in Fighting
  2264 | D:3      | Found a radiant altar of Vehumet.
  3004 | D:4      | Reached XP level 7. HP: 37/40 MP: 8/8
  3430 | D:4      | Found an opulent altar of Gozag.
  3440 | D:4      | Found a hide-covered altar of Uskayaw.
  3820 | D:5      | Entered Level 5 of the Dungeon
  3846 | D:5      | Reached skill level 5 in Shields
  3863 | D:5      | Gained mutation: You have razor-sharp teeth. [Vine Stalker
                  | growth]
  3863 | D:5      | Reached XP level 8. HP: 43/44 MP: 9/9
  3880 | D:5      | Found a staircase to the Ecumenical Temple.
  3889 | Temple   | Entered the Ecumenical Temple
  4221 | Temple   | Became a worshipper of Warmaster Okawaru
  4772 | D:6      | Found a shimmering altar of Xom.
  4775 | D:6      | Found a basalt altar of Yredelemnul.
  4778 | D:6      | Found a blossoming altar of Fedhas.
  4792 | D:6      | Found an ornate altar of the Wu Jian Council.
  4853 | D:6      | Reached * piety under Okawaru
  4964 | D:6      | Found a shimmering altar of Xom.
  5052 | D:6      | Reached XP level 9. HP: 48/48 MP: 11/13
  5057 | D:6      | Reached skill level 1 in Stealth
  5742 | D:7      | Got a scorched hand axe
  5743 | D:7      | Identified the +2 hand axe of the Common Good {venom, +Inv
                  | rElec rF+} (You found it on level 7 of the Dungeon)
  5773 | D:7      | Reached ** piety under Okawaru
  5982 | D:7      | Reached skill level 5 in Armour
  6022 | D:7      | Noticed Maggie
  6036 | D:7      | Reached skill level 1 in Dodging
  6039 | D:7      | Killed Maggie
  6171 | D:7      | Found a sacrificial altar of Ru.
  6361 | D:7      | Reached *** piety under Okawaru
  6502 | D:8      | Found a flagged portal.
  6506 | D:8      | Noticed Gastronok
  6618 | D:8      | Reached XP level 10. HP: 51/53 MP: 14/14
  6620 | D:8      | Noticed Joseph
  6634 | D:8      | Reached skill level 5 in Dodging
  6658 | D:8      | Killed Joseph
  6908 | D:8      | Reached **** piety under Okawaru
  6975 | D:8      | Killed Gastronok
  6975 | D:8      | Reached ***** piety under Okawaru
  6975 | D:8      | Reached XP level 11. HP: 35/56 MP: 15/15
  7215 | Bailey   | Entered a bailey
  7430 | Bailey   | Received a gift from Okawaru
  7433 | Bailey   | Got a pair of dazzling gloves {god gift}
  7444 | Bailey   | Identified the +0 pair of gloves "Suvyuj" {+Blink rC-
                  | Dex+7} (Okawaru gifted it to you in a bailey)
  7640 | Bailey   | Noticed an orc knight
  7667 | Bailey   | Killed an orc knight
  7705 | Bailey   | Noticed an orc knight
  7751 | Bailey   | Killed an orc knight
  7894 | Bailey   | Reached skill level 10 in Dodging
  7916 | Bailey   | Noticed an orc knight
  8063 | Bailey   | Killed an orc knight
  8094 | Bailey   | Noticed an orc knight
  8094 | Bailey   | Noticed an orc knight
  8147 | Bailey   | Killed an orc knight
  8157 | Bailey   | Killed an orc knight
  8294 | D:8      | Found a burning altar of Makhleb.
  8385 | D:8      | Noticed Prince Ribbit
  8392 | D:8      | Noticed Grum
  8397 | D:8      | Killed Prince Ribbit
  8413 | D:8      | Killed Grum
  8443 | D:8      | Found a glowing golden altar of the Shining One.
  8499 | D:8      | Found a staircase to the Lair.
  8746 | D:9      | Noticed Erica
  8766 | D:9      | Killed Erica
  8978 | D:9      | Noticed a centaur warrior
  8998 | D:9      | Killed a centaur warrior
  9110 | D:9      | Reached skill level 10 in Shields
  9326 | D:10     | Entered Level 10 of the Dungeon
  9365 | D:10     | Gained mutation: You heal very quickly. [Vine Stalker
                  | growth]
  9365 | D:10     | Reached XP level 12. HP: 61/61 MP: 16/16
  9764 | D:10     | Noticed a five-headed hydra
  9782 | D:10     | Killed a five-headed hydra
  9901 | D:10     | Found a portal to a secret trove of treasure.
 10494 | D:11     | Noticed Sonja
 10503 | D:11     | Killed Sonja
 10867 | D:11     | Found a staircase to the Orcish Mines.
 11159 | D:11     | Noticed a stone giant
 11159 | D:11     | Noticed a fire giant
 11187 | D:11     | Received a gift from Okawaru
 11188 | D:11     | Got a pair of dazzling boots {god gift}
 11222 | D:11     | Killed a stone giant
 11259 | D:11     | Killed a fire giant
 11274 | D:11     | Identified the +0 pair of boots "Oror" {+Blink +Inv Dex-5
                  | Stlth+} (Okawaru gifted it to you on level 11 of the
                  | Dungeon)
 11457 | D:12     | Reached skill level 2 in Stealth
 11503 | D:12     | Reached skill level 3 in Stealth
 11834 | D:12     | Reached skill level 4 in Stealth
 11930 | D:12     | Reached skill level 5 in Stealth
 12163 | D:12     | Reached XP level 13. HP: 65/65 MP: 17/17
 12182 | D:12     | Reached skill level 6 in Stealth
 12289 | D:13     | Reached skill level 7 in Stealth
 12458 | Lair:1   | Entered Level 1 of the Lair of Beasts
 12551 | Lair:1   | Reached skill level 8 in Stealth
 12847 | Lair:1   | Reached skill level 9 in Stealth
 13608 | Lair:2   | Found a hole to the Spider Nest.
 13617 | Lair:2   | Reached skill level 10 in Stealth
 13809 | Lair:2   | Reached skill level 11 in Stealth
 13893 | Lair:2   | Reached ****** piety under Okawaru
 14086 | Lair:2   | Reached skill level 12 in Stealth
 14472 | Lair:2   | Received a gift from Okawaru
 14991 | Lair:3   | Reached skill level 13 in Stealth
 15749 | Lair:4   | Found a runed translucent gate.
 15751 | Lair:4   | Found a runed translucent gate.
 15752 | Lair:4   | Found a runed translucent gate.
 15761 | Lair:4   | Noticed Bananafolds's ghost (journeyman MfSk)
 15761 | Lair:4   | Noticed HunfridMar's ghost (journeyman DECj)
 15762 | Lair:4   | Noticed Kuerar's ghost (journeyman BaFi)
 15848 | Lair:4   | Found a staircase to the Shoals.
 15852 | Lair:4   | Reached skill level 14 in Stealth
 15955 | Lair:4   | Reached XP level 14. HP: 70/70 MP: 18/18
 16102 | Lair:4   | HP: 1/70 [eight-headed hydra (5)]
 16102 | Lair:4   | Slain by an eight-headed hydra

Illustrated notes

Levels and vault maps discovered:
D:1:      lemuel_arrival_river_ford, layout_basic
D:2:      layout_basic, first_ration
D:3:      layout_basic, nicolae_overflow_crystal_walls, uniq_crazy_yiuf_cottage
D:4:      layout_basic, chequers_temple_overflow_statue_of_worship,
          corexii_leaking_fountain, minmay_crystal_water
D:5:      layout_basic, minmay_temple_entry_trees
D:6:      layout_basic, grunt_temple_overflow_cloverleaf, xom_confusion_cloud
D:7:      layout_basic, nicolae_ru_path_of_blood, minmay_quadrilaterals,
          uniq_maggie
D:8:      layout_loops_ring, kennysheep_little_box, makhleb_blood_cavern_becter,
          grunt_lair_entry_orc_guard_hut, enter_bailey_1, david_nohive_1,
          uniq_joseph, uniq_grum, uniq_gastronok, uniq_prince_ribbit1
D:9:      layout_cross, uniq_erica
D:10:     layout_stronghold, nicolae_trove_entry_diagonal
D:11:     layout_irregular_city, orc_0_dummy, wad_scary_box, uniq_sonja
D:12:     layout_cave_pods, drop_trap
D:13:     layout_small_grid
Temple:   minmay_temple_bridge_abc
Lair:1:   layout_cellular_growth, st_stairs_5
Lair:2:   layout_regular_city, nicolae_spider_entry_tight_spaces,
          minmay_shattered_shrine
Lair:3:   layout_cave_pods, lemuel_fruit_fields, infiniplex_staircase_pool
Lair:4:   layout_big_grid, elwin_shoals_entry_stream, gauntlet_entry_generic,
          gammafunk_ghost_cemetery, serial_bayou_shore_a, grunt_megastairs_1

Skill      XL: |  1  2  3  4  5  6  7  8  9 10 11 12 13 |
---------------+----------------------------------------+-----
Short Blades   | 2 3 4 |  4.0
Fighting       | 3 4 6 |  6.5
Shields        | 5 7 10 | 10.2
Invocations    | 4 |  4.0
Stealth        | 1 5 14 | 14.4
Armour         | 5 9 |  9.4
Dodging        | 4 8 10 | 10.0

Action                   |  1- 3 |  4- 6 |  7- 9 | 10-12 | 13-15 || total
-------------------------+-------+-------+-------+-------+-------++-------
Melee: Rapier            |    51 |       |       |       |       ||    51
       Bite              |    16 |    66 |   165 |   481 |   165 ||   893
       Dagger            |    29 |   172 |   389 |   930 |       ||  1520
       Unarmed           |       |     3 |       |       |       ||     3
       Short sword       |       |       |       |    27 |   364 ||   391
Throw: Dart              |       |       |       |    20 |     1 ||    21
Invok: Heroism           |       |       |     1 |    11 |     2 ||    14
       Finesse           |       |       |       |     4 |       ||     4
Evoke: Wand              |       |       |     2 |     3 |       ||     5
  Use: Scroll            |       |       |     5 |     3 |     4 ||    12
       Potion            |       |       |       |     2 |       ||     2
 Stab: Distracted        |       |       |       |     2 |     1 ||     3
       Sleeping          |       |       |       |     9 |    27 ||    36
  Eat: Chunk             |     2 |     5 |     9 |    18 |    13 ||    47
       Ration            |       |       |     1 |       |       ||     1
Armor: Scale mail        |    18 |    40 |    79 |       |       ||   137
       Steam dragon scal |       |       |    17 |    47 |       ||    64
       Troll leather arm |       |       |       |    38 |    46 ||    84
Dodge: Dodged            |    20 |    21 |    96 |   458 |   199 ||   794
Block: Kite shield       |    36 |    55 |   165 |   558 |   206 ||  1020
